 Dungeon Crawl Stone Soup version 0.24.1-11-gbbbb2193e6 (webtiles) character file.

Game seed: 7456826190410276196, levelgen mode: deterministic

399 Peloso the Slasher (level 6, -2/48 HPs)
             Began as a Demonspawn Fighter on May 12, 2020.
             Killed from afar by an orc wizard (11 damage)
             ... with a puff of flame
             ... on level 4 of the Dungeon.
             The game lasted 00:04:43 (2912 turns).

Peloso the Slasher (Demonspawn Fighter)             Turns: 2912, Time: 00:04:43

Health: -2/48      AC:  6    Str: 19    XL:     6   Next: 54%
Magic:  6/6        EV:  8    Int:  9    God:
Gold:   132        SH: 10    Dex: 16    Spells: 5/5 levels left

rFire    . . .     SeeInvis .   a - +0 long sword
rCold    . . .     Gourm    .   c - +0 shield
rNeg     . . .     Faith    .   b - +0 scale mail
rPois    .         Spirit   .   (no helmet)
rElec    .         Reflect  .   (no cloak)
rCorr    .         Harm     .   (no gloves)
MR       .....                  (no boots)
Stlth    +++.......             (no amulet)
HPRegen  0.16/turn              m - +4 ring of dexterity
MPRegen  0.10/turn              (no ring)

@: no status effects
A: nightstalker 2, spiny 2
a: no special abilities


You were on level 4 of the Dungeon.
You were hungry.

You visited 1 branch of the dungeon, and saw 4 of its levels.

You collected 132 gold pieces.

Inventory:

Hand Weapons
 a - a +0 long sword (weapon)
Armour
 b - a +0 scale mail (worn)
 c - a +0 shield (worn)
Jewellery
 m - a +4 ring of dexterity (left hand)
Wands
 i - a wand of flame (19)
 r - a wand of paralysis (9)
Scrolls
 e - a scroll of fog {unknown}
 g - 2 scrolls of teleportation {unknown}
 h - 2 scrolls of identify
 j - a scroll of magic mapping {unknown}
 o - a scroll of remove curse {unknown}
Potions
 d - a potion of might
 k - a potion of cancellation
 l - 2 potions of curing
 n - a potion of flight
 p - a potion of agility
 q - a potion of brilliance
Comestibles
 f - 11 rations


   Skills:
 + Level 3.8 Fighting
 + Level 4.2 Long Blades
 + Level 3.6 Armour
 + Level 1.0 Dodging
 + Level 1.2 Stealth
 + Level 3.8 Shields


You had 5 spell levels left.
You didn't know any spells.
Your spell library contained the following spells:

 Spells                   Type           Power        Failure   Level  Hunger
 Corona                   Hex            #......      99%         1    ##.....
 Ensorcelled Hibernation  Hex/Ice        #.....       100%        2    ###....
 Confuse                  Hex            #.......     100%        3    ####...
 Dazzling Spray           Conj/Hex       #.....       100%        3    ####...
 Tukima's Dance           Hex            #.......     100%        3    ####...


Dungeon Overview and Level Annotations

Branches:
Dungeon (4/15)
 Temple: D:4-7

Altars:
Trog


Innate Abilities, Weirdness & Mutations

You are significantly more attuned to the shadows.
You are mostly covered in sharp spines.


Message History

You block the orc wizard's attack.
Unknown command.
Your shield and scale mail prevent you from hitting the orc wizard.
The orc wizard is severely wounded.
The orc wizard casts a spell.
The orc wizard seems to speed up.
The orc priest invokes the aid of Beogh against you.
Beogh smites you!
You hit the orc priest but do no damage.
You block the orc wizard's attack.
The orc priest calls down the wrath of Beogh upon you.
Beogh smites you!
* * * LOW HITPOINT WARNING * * *
The orc wizard hits you but does no damage.
Unknown command.
You hit the orc priest but do no damage.
You block the orc priest's attack. The orc wizard casts a spell at you.
The puff of flame hits you!
You die...

.. #.# ... #.#
...##.#####
.#...o.....
#..o.o.....
#####o##.#
####...@o....#
#####...####.##.##
#.......# #... ..
#.####..# ####.##
#.#.(# #.# #..# #
#.#..# #.# #..#
##.#..# #.# #..#
#.....## # #.#
#(.# #......# #
#.# #.# #..<...#


You could see an orc priest and 3 orc wizards.

Vanquished Creatures
  Grinder (D:4)
  Jessica (D:2)
  An orc wizard (D:3)
  Robin (D:3)
  6 adders
  An ooze (D:1)
  2 worms
  A dart slug (D:1)
  3 leopard geckos (D:1)
  7 orcs (D:3)
  6 bats
  6 giant cockroaches
  6 hobgoblins
  6 frilled lizards
  15 goblins
  10 kobolds
  A leopard gecko skeleton (D:4)
  8 rats
82 creatures vanquished.

Notes
Turn   | Place    | Note
-------+----------+-------------------------------------------
     0 | D:1      | Peloso the Demonspawn Fighter began the quest for the Orb.
     0 | D:1      | Reached XP level 1. HP: 18/18 MP: 1/1
   372 | D:1      | Gained mutation: You are partially covered in sharp spines.
                  | [demonic ancestry]
   372 | D:1      | Reached XP level 2. HP: 23/24 MP: 2/2
   567 | D:1      | Reached skill level 2 in Long Blades
   704 | D:1      | Gained mutation: You are slightly more attuned to the
                  | shadows. [demonic ancestry]
   704 | D:1      | Reached XP level 3. HP: 21/29 MP: 3/3
  1087 | D:2      | Noticed Jessica
  1094 | D:2      | Killed Jessica
  1094 | D:2      | Gained mutation: You are mostly covered in sharp spines.
                  | [demonic ancestry]
  1094 | D:2      | Reached XP level 4. HP: 29/35 MP: 4/4
  1364 | D:2      | Found a bloodstained altar of Trog.
  1783 | D:3      | Noticed Robin
  1801 | D:3      | Killed Robin
  1909 | D:3      | Gained mutation: You are significantly more attuned to the
                  | shadows. [demonic ancestry]
  1909 | D:3      | Reached XP level 5. HP: 38/41 MP: 5/5
  1972 | D:3      | Reached skill level 3 in Long Blades
  2629 | D:4      | Noticed Grinder
  2639 | D:4      | Killed Grinder
  2639 | D:4      | Reached skill level 4 in Long Blades
  2639 | D:4      | Reached skill level 1 in Dodging
  2639 | D:4      | Reached skill level 1 in Stealth
  2639 | D:4      | Reached XP level 6. HP: 48/48 MP: 6/6
  2912 | D:4      | Killed from afar by an orc wizard

Levels and vault maps discovered:
D:1:      matt_arrival_los_fun, layout_rooms
D:2:      layout_basic, first_ration, dk_vineyard_1,
          chequers_serial_rivers_small_3, bloody_trog, uniq_jessica
D:3:      layout_basic, uniq_robin
D:4:      layout_loops_ring, uniq_grinder, uniq_crazy_yiuf_cottage

Skill      XL: |  1  2  3  4  5 |
---------------+----------------+-----
Shields        | 3 |  3.8
Armour         | 3 |  3.6
Long Blades    | 2 4 |  4.2
Dodging        | 1 |  1.0
Stealth        | 1 |  1.2
Fighting       | |  3.8

Action                   |  1- 3 |  4- 6 || total
-------------------------+-------+-------++-------
Melee: Long sword        |    97 |   106 ||   203
  Use: Potion            |       |     4 ||     4
       Scroll            |       |     1 ||     1
 Stab: Sleeping          |       |     4 ||     4
  Eat: Chunk             |       |     6 ||     6
Armor: Scale mail        |    35 |    35 ||    70
Dodge: Dodged            |    22 |    21 ||    43
Block: Shield            |    49 |    52 ||   101
       Rpst.: Long sword |     6 |     9 ||    15
